Map: 2000 Atmospheres LE

Players

Pumba - Winner!

  • Race: Zerg Zerg
  • League: Diamond
  • Spawn Location: 3:00

piepulls

  • Race: Terran Terran
  • League: Diamond
  • Spawn Location: 7:00

VOD

Have the link to the VOD?

Description

Time

  • Played on: Aug. 24, 2021, 7:23 p.m.
  • Length: 25:28
Show
View Real Time Build Order
Export as new Build Order

Pumba Zerg - Winner!

Build Orders: Pool First 

Get SALT Encoding   

  12  0:00  Drone  
  13  0:13  Overlord  
  13  0:18  Drone  
  14  0:32  Drone x2  
  16  0:40  Drone  
  17  0:47  Spawning Pool  
  17  0:49  Drone  
  17  0:58  Drone  
  18  1:12  Hatchery  
  18  1:15  Extractor  
  18  1:16  Drone  
  17  1:20  Drone  
  18  1:29  Drone  
  19  1:34  Queen  
  21  1:41  Overlord  
  21  1:51  Drone  
  22  2:02  Zergling x2  
  23  2:09  Queen  
  23  2:14  Drone  
  26  2:18  Metabolic Boost  
  27  2:30  Drone x2  
  27  2:32  Queen  
  27  2:35  Overlord  
  30  2:38  Drone  
  31  2:50  Drone x4  
  34  2:58  Hatchery  
  34  3:03  Drone x2  
  35  3:13  Drone  
  35  3:19  Overlord  
  36  3:24  Overlord  
  36  3:25  Drone x4  
  36  3:26  Drone  
  36  3:27  Drone  
  42  3:31  Overlord  
  41  3:43  Queen  
  41  3:44  Queen  
  45  3:51  Drone x4  
  45  3:55  Drone x2  
  51  4:03  Drone x2  
  51  4:06  Zergling x8  
  57  4:15  Overlord  
  57  4:20  Queen  
  57  4:22  Queen  
  61  4:28  Queen  
  63  4:35  Zergling x12  
  63  4:37  Drone x6  
  69  4:49  Overlord  
  69  4:50  Overlord  
  69  4:52  Drone x4  
  73  4:57  Drone  
  74  5:06  Spore Crawler  
  74  5:07  Spore Crawler  
  72  5:09  Spore Crawler  
  71  5:20  Spore Crawler, Drone x5  
  71  5:21  Lair  
  75  5:24  Extractor  
  75  5:26  Baneling Nest  
  72  5:34  Drone x10  
  82  5:45  Overlord x3  
  82  5:56  Overlord x2  
  82  6:04  Hatchery  
  82  6:10  Extractor  
  82  6:11  Extractor  
  79  6:12  Hatchery  
  79  6:15  Drone x9  
  87  6:22  Spire  
  87  6:23  Hatchery  
  87  6:24  Queen  
  87  6:26  Overlord  
  87  6:31  Extractor  
  87  6:32  Extractor  
  84  6:34  Drone x3  
  84  6:35  Drone x3  
  90  6:42  Zergling x14  
  90  6:44  Baneling x2  
  90  6:45  Baneling x3  
  96  6:50  Zergling x6  
  98  6:59  Drone  
  98  7:00  Drone x3  
  101  7:01  Spore Crawler  
  101  7:03  Zergling x6  
  103  7:09  Centrifugal Hooks  
  103  7:14  Drone x3  
  106  7:16  Evolution Chamber  
  106  7:17  Evolution Chamber  
  96  7:35  Queen  
  98  7:43  Drone x6  
  98  7:44  Drone  
  105  7:47  Zergling x14  
  108  7:52  Extractor  
  108  7:53  Spore Crawler  
  108  7:54  Zerg Ground Armor Level 1, Zerg Melee Weapons Level 1, Extractor  
  108  7:55  Roach Warren  
  102  8:00  Queen  
  102  8:01  Spore Crawler  
  102  8:06  Overlord x2  
  102  8:12  Mutalisk x12  
  102  8:17  Drone x2, Overlord  
  126  8:23  Zerg Flyer Weapons Level 1  
  126  8:26  Pneumatized Carapace  
  126  8:28  Overseer  
  126  8:31  Overseer  
  126  8:37  Drone x7  
  126  8:38  Drone x7  
  139  8:42  Baneling x4  
  139  8:43  Baneling x5  
  139  8:46  Extractor  
  139  8:47  Extractor  
  137  8:50  Baneling x4  
  137  9:16  Mutalisk x6  
  141  9:26  Mutalisk x2  
  141  9:30  Overseer x2  
  143  9:46  Zergling x24  
  143  9:47  Overlord x8  
  143  9:50  Hatchery  
  154  10:07  Zerg Melee Weapons Level 2  
  154  10:08  Glial Reconstitution, Zerg Missile Weapons Level 1  
  154  10:10  Hatchery, Extractor  
  154  10:12  Infestation Pit  
  154  10:13  Spire, Extractor  
  149  10:23  Baneling x10  
  149  10:24  Baneling x15  
  149  10:39  Corruptor x4  
  149  10:40  Corruptor  
  159  10:45  Zerg Flyer Armor Level 1  
  159  10:46  Spire  
  155  10:52  Zergling x28  
  160  11:04  Drone x4  
  163  11:05  Drone x2  
  166  11:14  Extractor  
  166  11:15  Extractor  
  166  11:17  Baneling x14  
  166  11:18  Baneling x3  
  162  11:21  Corruptor x5  
  162  11:23  Overseer  
  172  11:28  Baneling x4  
  172  11:29  Baneling x4  
  166  11:47  Zergling x20  
  166  11:48  Zergling x20  
  186  12:00  Burrow  
  186  12:11  Spore Crawler, Spine Crawler  
  184  12:20  Zerg Missile Weapons Level 2, Hive  
  171  12:38  Zergling x26  
  154  12:52  Zergling x16  
  154  12:53  Zergling x18  
  167  13:18  Baneling x10  
  167  13:19  Baneling x25  
  167  13:20  Baneling  
  167  13:21  Baneling x3  
  167  13:22  Baneling x6  
  167  13:23  Baneling x4  
  167  13:29  Spine Crawler  
  167  13:31  Drone  
  167  13:32  Spore Crawler, Drone x7  
  173  13:38  Drone  
  138  14:12  Corruptor x4  
  138  14:13  Corruptor x7  
  154  14:20  Corruptor x3  
  154  14:23  Corruptor  
  157  14:25  Corruptor x2  
  163  14:35  Lair  
  163  14:36  Spore Crawler, Spawning Pool  
  132  15:15  Drone x2  
  132  15:18  Hatchery  
  133  15:23  Zergling x26  
  133  15:24  Zergling x8  
  133  15:27  Baneling Nest  
  149  15:29  Zergling x18  
  149  15:30  Evolution Chamber  
  149  15:31  Evolution Chamber  
  156  15:45  Zergling x2  
  156  15:46  Zergling x16  
  165  15:50  Spire  
  165  15:51  Spire  
  139  16:14  Zergling x32  
  145  16:22  Drone x4  
  145  16:23  Drone  
  145  16:24  Drone  
  146  16:30  Zergling x20  
  146  16:31  Queen  
  147  16:32  Queen  
  147  16:33  Queen  
  147  16:34  Queen  
  135  16:55  Zerg Ground Armor Level 2  
  135  17:00  Infestation Pit  
  125  17:09  Unknown, Hatchery  
  125  17:13  Hatchery  
  121  17:17  Zergling x20  
  121  17:18  Zergling x6  
  121  17:19  Hatchery  
  121  17:20  Extractor  
  121  17:22  Extractor  
  131  17:28  Zergling x16  
  139  17:31  Queen  
  133  17:41  Zergling x16  
  141  17:50  Drone x6  
  146  18:02  Zergling x2  
  146  18:03  Zergling x6, Corruptor  
  149  18:13  Corruptor x3  
  148  18:25  Corruptor x2  
  150  18:32  Corruptor  
  152  18:35  Baneling x3  
  152  18:36  Baneling x2  
  152  18:39  Baneling x2  
  152  18:40  Baneling x4  
  139  18:58  Corruptor x5  
  139  19:02  Zergling x8  
  146  19:06  Zergling x8  
  137  19:19  Drone x3  
  140  19:25  Hatchery  
  139  19:37  Drone x3  
  142  19:41  Corruptor x4  
  150  19:47  Roach Warren  
  149  19:58  Baneling x10  
  149  19:59  Baneling x6  
  149  20:04  Drone x5  
  154  20:09  Drone x7  
  154  20:10  Drone x3  
  154  20:11  Drone x4  
  168  20:25  Lair  
  167  20:34  Zergling x16  
  170  20:46  Baneling  
  161  21:06  Zergling x34  
  161  21:09  Baneling  
  161  21:10  Baneling x21  
  178  21:13  Overlord x5  
  178  21:15  Lair  
  178  21:16  Lair  
  177  21:18  Drone  
  177  21:19  Spore Crawler, Spine Crawler  
  177  21:20  Spore Crawler, Spine Crawler  
  174  21:28  Spire  
  174  21:29  Spire  
  172  21:39  Drone x12  
  184  21:40  Spire  
  184  21:46  Spore Crawler, Corruptor x7  
  196  21:47  Spore Crawler x2  
  196  21:50  Spore Crawler  
  196  21:51  Zergling x14  
  197  22:02  Corruptor  
  197  22:06  Zergling x2  
  200  22:14  Baneling x3  
  200  22:15  Baneling x28  
  200  22:16  Baneling x4  
  200  22:25  Baneling  
  200  22:26  Baneling  
  188  22:52  Zergling x26  
  185  23:04  Zergling x10  
  185  23:05  Zergling x10  
  191  23:17  Zergling x16  
  189  23:38  Overlord x3  
  189  23:41  Lair, Spire  
  184  23:45  Spawning Pool  
  167  23:52  Corruptor x8  
  167  23:53  Corruptor x2  
  180  23:57  Corruptor x7  
  180  23:58  Corruptor x2  
  188  24:16  Corruptor x3  
  188  24:17  Corruptor x4  
  185  24:19  Corruptor x2  
  185  24:22  Hatchery  
  194  24:24  Hatchery  
  187  24:39  Overlord x6  
  187  24:40  Spire  
  164  24:56  Overlord x4  
  160  25:02  Hatchery  
  158  25:07  Hatchery  
  158  25:09  Infestation Pit  
  158  25:12  Hatchery  
Show
View Real Time Build Order
Export as new Build Order

piepulls Terran 

Build Orders: Hellion Banshee, Mech 

Get SALT Encoding   

  12  0:00  SCV  
  13  0:12  SCV  
  14  0:20  Supply Depot  
  14  0:25  SCV  
  15  0:41  SCV  
  15  0:42  Barracks  
  16  0:46  Refinery  
  16  0:53  SCV  
  17  1:05  SCV  
  18  1:17  SCV  
  19  1:29  Reaper  
  19  1:30  SCV  
  21  1:40  Command Center  
  21  1:47  Orbital Command  
  21  2:02  Supply Depot  
  21  2:08  Factory  
  21  2:13  SCV  
  21  2:15  Refinery  
  22  2:24  Barracks Reactor  
  22  2:31  SCV  
  23  2:43  SCV  
  24  2:55  Orbital Command  
  24  2:56  SCV  
  25  3:01  Starport  
  25  3:08  SCV  
  26  3:13  Hellion x2  
  26  3:14  Barracks Tech Lab  
  30  3:20  SCV  
  30  3:22  Supply Depot  
  30  3:23  SCV  
  32  3:39  Hellion x2  
  36  3:42  SCV x2  
  36  3:46  Banshee  
  36  3:47  Fusion Core  
  41  3:51  Supply Depot  
  41  3:54  SCV  
  43  3:55  SCV  
  43  4:01  Supply Depot  
  43  4:06  SCV  
  43  4:07  Hellion x2, SCV  
  43  4:08  Marine  
  50  4:18  SCV  
  50  4:19  SCV  
  50  4:20  Supply Depot  
  52  4:26  Marine  
  52  4:30  SCV  
  54  4:32  SCV  
  53  4:42  SCV  
  53  4:44  SCV, Marine  
  55  4:50  Battlecruiser  
  61  4:52  Refinery  
  61  4:53  Refinery  
  61  4:54  Supply Depot, SCV  
  61  4:56  SCV  
  63  5:07  SCV  
  64  5:11  SCV  
  64  5:13  Command Center  
  65  5:15  Hellion x2  
  65  5:17  Supply Depot  
  69  5:22  SCV  
  70  5:31  SCV  
  70  5:35  SCV  
  72  5:36  Hellion x2  
  72  5:39  Weapon Refit  
  76  5:43  SCV, Armory  
  76  5:47  SCV  
  78  5:54  Battlecruiser  
  84  6:06  Factory  
  84  6:09  Factory  
  84  6:12  Widow Mine x2  
  84  6:18  SCV  
  89  6:28  Refinery  
  89  6:32  Refinery  
  89  6:36  SCV  
  89  6:39  SCV  
  90  6:48  SCV  
  90  6:53  SCV  
  90  6:54  Factory Tech Lab  
  90  6:55  Factory Reactor  
  90  6:59  Orbital Command  
  90  7:00  SCV  
  91  7:04  Battlecruiser  
  91  7:05  SCV  
  91  7:07  Command Center  
  98  7:12  SCV  
  99  7:18  SCV  
  90  7:24  SCV  
  85  7:30  SCV  
  85  7:34  SCV  
  85  7:36  SCV  
  88  7:39  Widow Mine, Siege Tank, Drilling Claws  
  88  7:40  Widow Mine x3  
  88  7:42  SCV  
  101  7:58  SCV  
  101  8:04  Widow Mine x4  
  109  8:09  Terran Vehicle And Ship Armor Level 1  
  109  8:11  Armory  
  109  8:16  Starport x2  
  109  8:17  Command Center  
  109  8:19  Siege Tank  
  112  8:20  Supply Depot  
  112  8:21  Supply Depot  
  112  8:22  Supply Depot  
  112  8:24  Supply Depot  
  112  8:29  Engineering Bay  
  112  8:36  SCV, Refinery  
  112  8:37  Widow Mine  
  112  8:38  Widow Mine  
  112  8:39  Refinery  
  117  8:45  Supply Depot  
  117  8:46  Supply Depot  
  117  8:50  Supply Depot  
  117  8:51  Supply Depot, Siege Tank  
  110  9:23  Battlecruiser, Starport Tech Lab x2  
  110  9:24  Siege Tank  
  110  9:25  Widow Mine x2  
  110  9:30  Missile Turret  
  110  9:31  Missile Turret x2  
  113  9:36  Planetary Fortress  
  113  9:43  Battlecruiser  
  119  9:49  Missile Turret  
  119  9:50  Missile Turret  
  119  9:53  Missile Turret  
  119  9:55  SCV  
  119  9:56  Orbital Command  
  119  9:59  Command Center  
  120  10:06  Missile Turret x2, Terran Ship Weapons Level 1  
  120  10:07  Missile Turret  
  120  10:10  Missile Turret  
  120  10:11  Missile Turret  
  120  10:15  Battlecruiser  
  120  10:16  Widow Mine  
  120  10:19  Missile Turret  
  128  10:26  SCV  
  129  10:29  SCV x4  
  129  10:31  Terran Vehicle And Ship Armor Level 2  
  133  10:39  SCV  
  134  10:45  Battlecruiser  
  134  10:48  Widow Mine x2, Siege Tank  
  134  10:49  SCV, Widow Mine  
  142  11:00  Missile Turret  
  142  11:02  Missile Turret  
  142  11:04  Missile Turret  
  142  11:09  SCV x2  
  142  11:10  SCV x3  
  147  11:15  Sensor Tower  
  147  11:17  Battlecruiser, Widow Mine x3  
  159  11:39  Battlecruiser, Widow Mine, Siege Tank  
  156  11:40  Refinery  
  156  11:42  Refinery  
  156  11:44  Missile Turret  
  156  11:45  Missile Turret  
  156  11:53  Planetary Fortress  
  156  11:55  SCV  
  156  11:58  Missile Turret  
  157  12:01  Sensor Tower  
  157  12:02  SCV, Missile Turret  
  157  12:07  Missile Turret  
  158  12:09  SCV  
  158  12:12  SCV x3  
  162  12:18  Battlecruiser, Missile Turret  
  162  12:19  Widow Mine x3, Siege Tank  
  177  12:23  Starport  
  177  12:24  Starport  
  177  12:31  Sensor Tower  
  158  13:07  Battlecruiser x2  
  164  13:19  Starport Tech Lab x2  
  164  13:20  Orbital Command  
  164  13:28  Missile Turret  
  164  13:31  Missile Turret x2  
  164  13:35  Missile Turret  
  164  13:38  Command Center  
  164  13:42  Command Center  
  164  13:52  Missile Turret  
  164  13:53  Missile Turret  
  162  13:56  Missile Turret  
  162  13:59  Missile Turret  
  159  14:04  Battlecruiser  
  154  14:30  Battlecruiser  
  160  14:53  Siege Tank  
  160  14:55  SCV  
  122  15:12  Battlecruiser  
  122  15:21  Missile Turret  
  122  15:24  Planetary Fortress  
  122  15:33  Sensor Tower  
  122  15:35  Widow Mine x2  
  126  15:40  Widow Mine x3  
  132  15:47  Planetary Fortress  
  132  15:51  Orbital Command  
  132  15:56  Widow Mine x2  
  130  16:01  Missile Turret  
  130  16:02  Missile Turret  
  113  16:14  Widow Mine x2  
  108  16:29  Battlecruiser x2, Medivac  
  120  16:44  SCV x3  
  117  16:48  Widow Mine x2  
  120  17:01  Widow Mine  
  120  17:05  SCV  
  120  17:09  Widow Mine  
  116  17:30  Widow Mine x2  
  116  17:34  Orbital Command  
  120  17:45  Terran Ship Weapons Level 2  
  120  17:59  Widow Mine, Starport Tech Lab  
  120  18:00  Terran Vehicle And Ship Armor Level 3  
  122  18:06  Fusion Core  
  122  18:07  Widow Mine x2  
  122  18:08  SCV x3  
  114  18:58  Battlecruiser  
  114  18:59  Battlecruiser x2, Widow Mine x2  
  128  19:08  Widow Mine  
  118  19:18  SCV  
  118  19:20  Refinery  
  119  19:43  Command Center, Refinery  
  118  19:59  Starport  
  118  20:01  Starport  
  118  20:03  Battlecruiser, Terran Ship Weapons Level 3  
  118  20:06  Battlecruiser  
  130  20:08  Widow Mine x2, Orbital Command, Starport  
  133  20:43  Command Center  
  133  20:44  Command Center  
  133  20:45  Battlecruiser  
  133  20:54  Battlecruiser  
  113  20:58  Widow Mine x2  
  113  21:03  Widow Mine x2  
  121  21:18  Battlecruiser  
  127  21:19  Battlecruiser  
  133  21:28  Battlecruiser  
  139  21:38  Refinery x2  
  139  21:41  Widow Mine x4  
  147  21:50  Battlecruiser  
  145  22:09  Orbital Command  
  145  22:18  Battlecruiser, Widow Mine  
  121  23:12  Raven x2  
Tags
 
Add a new tag
Caveats
  • Supply blocks, unpowered buildings, or Contaminate may cause inaccurate times.
  • Supply counts are checked every 10 seconds.